 Dungeon Crawl Stone Soup version 0.21.3-3-g218456f21e (webtiles) character file.

2508 BrokenGlass the Covert (level 9, -2/63 HPs)
             Began as an Octopode Monk on Apr 18, 2023.
             Was a Priest of Ru.
             Shot with an arrow by a centaur (9 damage)
             ... on level 8 of the Dungeon.
             The game lasted 00:23:46 (9266 turns).

BrokenGlass the Covert (Octopode Monk)              Turns: 9266, Time: 00:23:46

Health: -2/63      AC:  1    Str: 13    XL:     9   Next: 53%
Magic:  14/14      EV: 14    Int: 13    God:    Ru [***...]
Gold:   290        SH:  0    Dex: 14    Spells: 6/8 levels left

rFire    . . .     SeeInvis .     - Unarmed
rCold    . . .     Gourm    .   (no shield)
rNeg     . . .     Faith    .   (helmet restricted)
rPois    .         Spirit   .   (no amulet)
rElec    .         Reflect  .   q - ring of resist corrosion
rCorr    +         Harm     .   (no ring)
MR       .....                  (no ring)
Stlth    +++++.....             (no ring)
HPRegen  0.20/turn              (no ring)
MPRegen  0.14/turn              (no ring)
                                (no ring)
                                (no ring)

@: exhausted, hasted, drained, very quick
A: almost no armour, stealthy swim, amphibious, 8 rings, constrict 8, camouflage
1, gelatinous body 1, hated by all, inexperienced 1
a: Draw Out Power, Renounce Religion


You were on level 8 of the Dungeon.
You worshipped Ru.
Ru was most pleased with you.
You were not hungry.

You visited 2 branches of the dungeon, and saw 9 of its levels.

You collected 395 gold pieces.
You spent 105 gold pieces at shops.

Inventory:

Hand Weapons
 a - a +2 dagger of venom
Missiles
 n - 141 stones
 z - a throwing net (quivered)
 D - 2 curare-tipped needles
Jewellery
 q - a ring of resist corrosion (left tentacle)
 s - an uncursed amulet of magic regeneration {unknown}
 y - an uncursed ring of protection from cold {unknown}
Wands
 o - a wand of paralysis (5)
 B - a wand of acid (3)
Scrolls
 c - 2 scrolls of enchant armour {unknown}
 e - 3 scrolls of enchant weapon {unknown}
 h - 5 scrolls of remove curse
 i - a scroll of noise
 j - 3 scrolls of amnesia
 p - 3 scrolls of immolation
 r - 3 scrolls of teleportation
 t - a scroll of random uselessness {unknown}
 u - a scroll of fog {unknown}
 C - 5 scrolls of identify
Potions
 b - 3 potions of brilliance
 d - 3 potions of heal wounds
 f - a potion of mutation
 g - a potion of invisibility
 k - 2 potions of flight
 l - a potion of magic {unknown}
 w - 4 potions of curing
 x - a potion of haste
Books
 A - a book of Cantrips

   Spells                             Type                      Level
   a - Confusing Touch                Hexes                        1
   b - Animate Skeleton               Necromancy                   1
   c - Summon Small Mammal            Summoning                    1
   d - Apportation                    Translocation                1
Comestibles
 m - 10 rations
 E - a chunk of flesh


   Skills:
 * Level 6.7(6.4) Fighting
 + Level 3.5(3.1) Short Blades
 - Level 3.0(2.6) Dodging
 - Level 10.0(9.6) Stealth
 - Level 8.6(8.2) Unarmed Combat
 + Level 6.6(6.3) Evocations


You had 6 spell levels left.
You knew the following spells:

 Your Spells              Type           Power        Failure   Level  Hunger
a - Apportation           Tloc           #.....       30%         1    ##.....
b - Confusing Touch       Hex            #.....       30%         1    ##.....


Dungeon Overview and Level Annotations

Branches:
Dungeon (8/15)             Temple (1/1) D:6
   Lair: D:8-11

Altars:
Ashenzari
Cheibriados
Dithmenos
Fedhas
Hepliaklqana
Kikubaaqudgha
Makhleb
Nemelex Xobeh
Okawaru
Qazlal
Ru
Sif Muna
Wu Jian
Zin
Beogh

Shops:
D:7 }

Annotations:
D:8 wlmhamsi's ghost, novice OpCj


Innate Abilities, Weirdness & Mutations

You cannot wear most types of armour.
You are very stealthy in the water. (Stealth+)
You are amphibious.
You can wear up to eight rings at the same time.
You can use your tentacles to constrict eight enemies at once.
Your skin changes colour to match your surroundings (Stealth+).
Your rubbery body absorbs attacks. (AC +1, EV +1)
You are hated by all.
You are somewhat inexperienced. (-2 XL)


Message History

Unknown command.
It was a potion of curing.
You feel better.
You redirect wlmhamsi's ghost's attack!
Wlmhamsi's ghost hits you but does no damage.
You are electrocuted!
* * * LOW HITPOINT WARNING * * *
Unknown command.
Unknown command.
Wlmhamsi's ghost stares at you and mumbles some strange words.
The magic dart hits you!
* * * LOW HITPOINT WARNING * * *
You focus your will and blind wlmhamsi's ghost in retribution!
Unknown command.
Okay, then.
You are restored by drawing out deep reserves of power within.
You feel drained.
The centaur shoots an arrow.
The arrow hits you!
* * * LOW HITPOINT WARNING * * *
Unknown command.
The centaur shoots an arrow.
The arrow hits you!
You die...

.......!## #.......#
.........# #.......#
.........# ##.......#
.........###........#
............÷..)....#
..........#########.#######
........#......#..........#
....o....#####............#
...c......@...............#
........W.######....<..)..#
.........?# #..........#
..........# #####.######
#.......... #†#
##.....#.... #.#
#.#####.##.# #.# #. #.. ..
#.. #. .. ...


You could see an orc warrior, a centaur and wlmhamsi's ghost (blind).

Vanquished Creatures
  A hippogriff (D:5)
  A hungry ghost (D:7)
  Menkaure (D:7)
  A water moccasin (D:8)
  Duvessa (D:7)
  7 orc warriors
  An ice beast (D:6)
  4 ogres
  A phantom (D:7)
  A centaur (D:5)
  A crocodile (D:7)
  4 bullfrogs
  2 scorpions (D:5)
  A wyvern skeleton (D:6)
  Dowan (D:7)
  A centaur zombie (D:7)
  3 howler monkeys
  A crimson imp (D:6)
  2 orc priests
  7 hounds
  8 orc wizards
  Jessica (D:3)
  A bullfrog skeleton (D:6)
  3 iguanas
  6 worker ants
  A worker ant zombie (D:6)
  3 gnolls (D:6)
  9 adders
  A shadow imp (D:7)
  5 adder skeletons
  2 worms (D:2)
  2 dart slugs
  4 leopard geckos
  30 orcs
  A ball python (D:4)
  6 bats
  4 giant cockroaches
  11 goblins
  8 hobgoblins
  15 jackals
  2 quokkas
  3 frilled lizards
  3 kobolds
  A leopard gecko zombie (D:7)
  A quokka zombie (D:5)
  4 rats
177 creatures vanquished.

Notes
Turn   | Place    | Note
-------+----------+-------------------------------------------
     0 | D:1      | BrokenGlass the Octopode Monk began the quest for the Orb.
     0 | D:1      | Reached XP level 1. HP: 16/16 MP: 1/1
    10 | D:1      | Reached skill level 3 in Stealth
    17 | D:1      | Reached XP level 2. HP: 19/21 MP: 2/2
   521 | D:2      | Reached XP level 3. HP: 25/26 MP: 3/3
   881 | D:2      | Reached skill level 4 in Stealth
  1220 | D:2      | Reached XP level 4. HP: 31/31 MP: 4/4
  1446 | D:3      | Noticed Jessica
  1453 | D:3      | Killed Jessica
  1793 | D:3      | Reached skill level 5 in Stealth
  1904 | D:3      | Reached XP level 5. HP: 36/36 MP: 5/5
  2028 | D:4      | Noticed an ogre
  2364 | D:4      | Noticed an ogre
  2564 | D:4      | Killed an ogre
  2564 | D:4      | Reached XP level 6. HP: 14/43 MP: 6/6
  2566 | D:4      | Reached skill level 6 in Stealth
  3571 | D:5      | Entered Level 5 of the Dungeon
  3618 | D:5      | Reached skill level 5 in Unarmed Combat
  4040 | D:5      | Reached skill level 7 in Stealth
  4040 | D:5      | Reached XP level 7. HP: 36/48 MP: 7/7
  4519 | D:5      | Noticed a hippogriff
  4685 | D:6      | Reached skill level 8 in Stealth
  4941 | D:5      | Reached skill level 1 in Short Blades
  5131 | D:6      | Reached XP level 8. HP: 34/54 MP: 8/8
  5624 | D:5      | Reached skill level 5 in Fighting
  5696 | D:5      | Killed a hippogriff
  5771 | D:6      | Reached skill level 9 in Stealth
  6032 | D:6      | Found a staircase to the Ecumenical Temple.
  6041 | Temple   | Entered the Ecumenical Temple
  6114 | Temple   | Became a worshipper of Ru the Awakened
  6125 | Temple   | Gained mutation: You are somewhat inexperienced. (-2 XL) [Ru sacrifice]
  6125 | Temple   | Reached XP level 7. HP: 50/50 MP: 8/8
  6125 | Temple   | Reached XP level 6. HP: 45/45 MP: 7/7
  6125 | Temple   | Reached * piety under Ru
  6125 | Temple   | Reached ** piety under Ru
  6244 | D:6      | Reached XP level 7. HP: 50/51 MP: 8/8
  6985 | D:7      | Noticed a hungry ghost
  6986 | D:7      | Reached skill level 10 in Stealth
  6986 | D:7      | Reached XP level 8. HP: 57/57 MP: 9/9
  7161 | D:7      | Noticed Duvessa
  7161 | D:7      | Noticed Dowan
  7168 | D:7      | Killed Dowan
  7178 | D:7      | Killed Duvessa
  7295 | D:7      | Found Suhyam's Gadget Emporium.
  7306 | D:7      | Bought a wand of iceblast (3) for 105 gold pieces
  7408 | D:7      | Noticed Menkaure
  7412 | D:7      | Killed Menkaure
  7501 | D:7      | Reached XP level 9. HP: 45/62 MP: 12/12
  7752 | D:7      | Found a runed door.
  7867 | D:7      | Reached skill level 5 in Evocations
  9001 | D:7      | Found a roughly hewn altar of Beogh.
  9016 | D:7      | Learned a level 1 spell: Apportation
  9018 | D:7      | Learned a level 1 spell: Confusing Touch
  9093 | D:8      | Gained mutation: You are hated by all. [Ru sacrifice]
  9093 | D:8      | Reached *** piety under Ru
  9247 | D:8      | Noticed wlmhamsi's ghost (novice OpCj)
  9264 | D:8      | HP: 1/63 [wlmhamsi's ghost/magic dart (8)]
  9266 | D:8      | Shot with an arrow by a centaur

Skill      XL: |  1  2  3  4  5  6  7  8  9 |
---------------+----------------------------+-----
Stealth        | 3 4 5 7 10 9 | 10.0
Unarmed Combat | 4 5 7 8 |  8.6
Fighting       | 4 6 5 |  6.7
Short Blades   | 3 1 2 |  3.5
Evocations     | 4 6 |  6.6
Dodging        | |  3.0

Action                   |  1- 3 |  4- 6 |  7- 9 || total
-------------------------+-------+-------+-------++-------
Melee: Unarmed           |    65 |   111 |   191 ||   367
       Constrict         |    24 |    27 |    63 ||   114
       Tentacles         |    18 |    21 |    60 ||    99
       Punch             |     1 |     3 |    11 ||    15
       Dagger            |       |     8 |    67 ||    75
Throw: Throwing net      |       |       |     1 ||     1
 Cast: Confusing Touch   |       |       |     1 ||     1
Invok: Sacrifice Experie |       |     1 |       ||     1
       Draw Out Power    |       |       |     1 ||     1
       Sacrifice Love    |       |       |     1 ||     1
Evoke: Wand              |       |       |    10 ||    10
  Use: Scroll            |     4 |       |     6 ||    10
       Potion            |       |     1 |     5 ||     6
 Stab: Sleeping          |    12 |    14 |    16 ||    42
       Invisible         |       |     4 |     1 ||     5
       Paralysed         |       |       |     3 ||     3
  Eat: Chunk             |       |     9 |    18 ||    27
Armor: Skin              |     2 |     5 |     5 ||    12
Dodge: Dodged            |    24 |    58 |   135 ||   217
